badnik, neutral female gnomish Archeologist --- ----------- -------- .. ..........--------- -------.........` .....................------- ------.>..............................).%.........------ ----......................................................---- ---.....[.........................`.....%....................).--- ---...........r.e...............%..............................."..--- -.............r@................<.................%.............+....- |...............r.r............................%..................(......| |..=.....................................................................| |................%................................/......................| ---............./..........................[...........................--- ---................................................................--- ---.............................................?..............--- ----......................................................---- ------............................................------ -------................................------- --------..........%.....--------- ----------------- badnik the Digger Experience level: 1 Strength: 11 Dexterity: 8 Constitution: 15 Intelligence: 15 Wisdom: 16 Charisma: 10 Health: 0(12) Energy: 3(3) Def: 1 Gold: 21 Moves: 241 Dungeon seed: Sj8jErW8IIkDBvhu Game ID: badnik_1498645449 Your Inventory: Coins $ - 21 gold pieces Weapons a - a +2 bullwhip Armor e - an uncursed +0 leather jacket (being worn) n - a blessed +0 fedora (being worn) Comestibles b - 3 uncursed food rations Tools c - a +0 pick-axe (weapon in hand) d - a tinning kit (0:72) f - an uncursed sack Gems q - an uncursed touchstone Spells and supernatural/magical abilities: Name Level Category Fail Memory W - pray for help -- divine ? -- Your skills at the end: Fighting Skills Weapon Skills pick-axe [Basic] whip [Basic] Spellcasting Skills Final Attributes: You were fervently aligned. You had infravision. You were stealthy. You were fast. You are dead. Vanquished creatures: a killer bee Voluntary challenges: You went without food. You were an atheist. You never hit with a wielded weapon. You were a pacifist. You were illiterate. You never genocided any monsters. You never polymorphed an object. You never changed form. You used no wishes. You never split a pudding. You never wrote Elbereth's name. You never violated your personal moral code. Dungeon overview: The Dungeons of Doom: levels 1 to 10 Level 1 a long staircase Level 2 a fountain Level 3 Level 4 Level 5 Level 6 Level 7 Level 8 a long staircase Level 9 Level 10 <- You were here History has recorded: On T:1 you entered the Dungeons of Doom to retrieve the Amulet of Yendor! On T:25 you reached level 2 of The Dungeons of Doom. On T:44 you reached level 3 of The Dungeons of Doom. On T:78 you reached level 4 of The Dungeons of Doom. On T:105 you reached level 5 of The Dungeons of Doom. On T:138 you reached level 6 of The Dungeons of Doom. On T:158 you reached level 7 of The Dungeons of Doom. On T:192 you reached level 8 of The Dungeons of Doom. On T:213 you reached level 9 of The Dungeons of Doom. On T:231 you reached level 10 of The Dungeons of Doom. Score breakdown: Gold: 21 ( 4566 points) Experience: 1 level ( 0 points) Exploration: 10 levels ( 20.83%) (13127 points) Discoveries: 0 items ( 0.00%) ( 0 points) Valuables value: (no points given unless you survive) Artifact value: 0 ( 0 points) Variety of kills: 1 monster ( 0.26%) ( 1536 points) Turncount: 241 turns ( 0 points) Survival: died (score multiplied by 80%) Total score: 15383 Latest messages: You dig a hole through the floor. You fall through... The Uruk-hai picks up a fortune cookie. You start digging downward. You continue digging downward. The air crackles around the gnomish wizard. You continue digging downward. (3x) You dig a pit in the floor. You continue digging downward. The giant rat bites! You continue digging downward. The giant rat bites! You continue digging downward. (2x) The giant rat bites! You continue digging downward. (2x) The giant rat bites! (2x) You are still in a pit. You stop exploring. The giant rat bites! You die... The sack is empty. The sack is empty. Final status: Goodbye badnik the Archeologist, killed by a giant rat... You died in The Dungeons of Doom on dungeon level 10 with 15383 points, and 21 pieces of gold, after 241 moves. You were level 1 with a maximum of 12 hit points when you died.